 Dungeon Crawl Stone Soup version 0.30.1-4-g462c640d31 (webtiles) character file.

Game seed: 14110625417649529204

12 CastCrusader the Cudgeller (level 2, -7/27 HPs)
             Began as a Troll Gladiator on Sept 15, 2023.
             Mangled by a gnoll
             ... wielding a +0 spear
              (8 damage)
             ... on level 2 of the Dungeon.
             The game lasted 00:21:44 (1167 turns).

CastCrusader the Cudgeller (Troll Gladiator)        Turns: 1167, Time: 00:21:52

Health: -7/27      AC:  3    Str: 27    XL:     2   Next: 20%
Magic:  1/1        EV:  9    Int:  4    God:
Gold:   46         SH:  8    Dex: 14    Spells: 1/1 levels left

rFire   . . .        p - +0 hand axe
rCold   . . .        g - +1 kite shield "Seguaw" {Regen+ Dex+3}
rNeg    . . .        b - +0 robe
rPois   .            c - +0 hat
rElec   .            (no cloak)
rCorr   .            (gloves unavailable)
SInv    .            (boots unavailable)
Will    +....        (no amulet)
Stlth   +            l - +6 ring of strength
HPRegen 1.84/turn    (no ring)
MPRegen 0.07/turn

%: no passive effects
@: mighty
A: large, unfitting armour, claws 3, regeneration 1, shaggy fur 1, tough skin 1,
deformed body, strong-willed 1
a: no special abilities


You were on level 2 of the Dungeon.
You visited 1 branch of the dungeon, and saw 2 of its levels.

You collected 46 gold pieces.

Inventory:

Hand Weapons
 a - a +0 flail
 k - a +0 short sword
 o - a +0 dagger
 p - a +0 hand axe (weapon)
 v - a +0 dagger
Missiles
 d - 3 throwing nets
 e - a large rock
 m - 3 poisoned darts
 t - 5 stones
Armour
 b - a +0 robe (worn)
 c - a +0 hat (worn)
 g - the +1 kite shield "Seguaw" (worn) {Regen+ Dex+3}
   (You acquired it on level 1 of the Dungeon)

   Dex:       It affects your dexterity (+3).
   Regen:     It increases your rate of health regeneration.
 i - a +0 kite shield
 j - a +0 ring mail
 q - a +0 chain mail
Jewellery
 l - a +6 ring of strength (left claw)
 w - a ring of protection from cold
Scrolls
 h - a scroll of silence (quivered)
 n - a scroll of immolation {unknown}
 s - a scroll of teleportation {unknown}
Potions
 f - a potion of might
 r - a potion of ambrosia {unknown}
 u - 2 potions of magic {unknown}


   Skills:
 + Level 1.6 Fighting
 + Level 3.0 Maces & Flails
 + Level 1.8 Throwing
 + Level 2.6 Dodging


You had one spell level left.
You didn't know any spells.
Your spell library contained the following spells:

 Spells                   Type           Power      Damage    Failure   Level
 Borgnjor's Revivificati  Necr           0%         N/A       100%        8
 Necromutation            Tmut/Necr      0%         N/A       100%        8
 Death's Door             Necr           0%         N/A       100%        9


Dungeon Overview and Level Annotations

Branches:
Dungeon (2/15)

Altars:


Innate Abilities, Weirdness & Mutations

You are too large for most types of armour.
You have claws for hands.
Your natural rate of healing is unusually fast.
You are covered in fur. (AC +1)
You have tough skin. (AC +1)
Armour fits poorly on your strangely shaped body.
You are strong-willed. (Will+)


Message History

The quokka bites you.
You hit the quokka.
The quokka is heavily wounded.
The quokka barely misses you. You block the quokka's attack.
You hit the quokka.
The quokka is almost dead.
You block the quokka's attack.
You hit the quokka.
You kill the quokka!
There is a stone staircase leading down here.
You climb downwards.
Found a twisted granite ring, a robe and a dagger.
Found a stone staircase leading up.
There is a stone staircase leading up here.
Found a short sword.
A gnoll comes into view.
It is wielding a +0 spear. 2 gnolls come into view.
A gnoll is wielding a +0 flail of holy wrath.
The gnoll shouts!
You see here a ring of protection from cold.
w - a ring of protection from cold The gnoll shouts! x2; You hear a shout!
A gnoll comes into view. It is wielding a +0 spear.
The gnoll shouts!
The gnoll barely misses you. The gnoll barely misses you.
The gnoll hits you from afar with a +0 spear!
You block the gnoll's attack.
The gnoll hits you from afar with a +0 halberd!
The gnoll hits you from afar with a +0 halberd.
* * * LOW HITPOINT WARNING * * *
The gnoll hits you from afar with a +0 spear.
* * * LOW HITPOINT WARNING * * *
It was a potion of might.
You feel very mighty all of a sudden.
The gnoll hits you from afar with a +0 spear.
* * * LOW HITPOINT WARNING * * *
You block the gnoll's attack.
The gnoll hits you from afar with a +0 spear!
You die...

####### #.....#
####.....#####
##...<.........
##.....@....##
#......g....#
#....ggg.##.#
#.......## #
##.<...##
##..[## .)...+
###.)## #...


You could see 4 gnolls.

Vanquished Creatures
  2 hobgoblins (D:1)
  A kobold (D:1)
  2 quokkas (D:1)
  3 bats (D:1)
  2 goblins (D:1)
10 creatures vanquished.

Notes
Turn   | Place    | Note
-------+----------+-------------------------------------------
     0 | D:1      | CastCrusader the Troll Gladiator began the quest for the
                  | Orb.
     0 | D:1      | Reached XP level 1. HP: 19/19 MP: 0/0
    97 | D:1      | Identified a scroll of acquirement
    97 | D:1      | Acquired the +1 kite shield "Seguaw" {Regen+ Dex+3}
   645 | D:1      | Reached XP level 2. HP: 27/27 MP: 1/1
   705 | D:1      | Gained mutation: Armour fits poorly on your strangely
                  | shaped body. [potion of mutation]
   705 | D:1      | Gained mutation: You are strong-willed. (Will+) [potion of
                  | mutation]
   756 | D:1      | Reached skill level 3 in Maces & Flails
  1167 | D:2      | HP: 1/27 [gnoll/+0 spear (5)]
  1167 | D:2      | Mangled by a gnoll

Illustrated notes

Levels and vault maps discovered:
D:1:      grunt_arrival_lava_bath, layout_basic
D:2:      layout_loops_cross, serial_shops, nicolae_shop_hallway_stairs,
          chequers_serial_rivers_micro_d

Skill      XL: |  1  2 |
---------------+-------+-----
Maces & Flails | 3 |  3.0
Fighting       | |  1.6
Throwing       | |  1.8
Dodging        | |  2.6

Action                     || total
---------------------------++-------
  Melee: Flail             ||    20
         Hand axe          ||    10
  Throw: Throwing net      ||     1
    Use: Scroll            ||     3
         Potion            ||     2
 Armour: Robe              ||    18
  Dodge: Dodged            ||    15
  Block: Kite shield       ||     7
